 Dungeon Crawl Stone Soup version 0.31-a0-963-ga325b2283a (webtiles) character file.

Game seed: 6855075966025716184

1 croobank the Chiller (level 1, 0/11 HPs)
             Began as an Octopode Ice Elementalist on Oct 24, 2023.
             Slain by a giant cockroach (1 damage)
             ... on level 1 of the Dungeon.
             The game lasted 00:00:19 (13 turns).

croobank the Chiller (Octopode Ice Elementalist)      Turns: 13, Time: 00:00:19

Health: 0/11       AC:  1    Str:  7    XL:     1   Next: 20%
Magic:  0/3        EV: 13    Int: 17    God:
Gold:   0          SH:  0    Dex: 12    Spells: 3/4 levels left

rFire   . . .        (no weapon)
rCold   . . .        (no shield)
rNeg    . . .        (helmet restricted)
rPois   .            (no amulet)
rElec   .            (no ring)
rCorr   .            (no ring)
SInv    .            (no ring)
Will    .....        (no ring)
Stlth   +++          (no ring)
HPRegen 0.21/turn    (no ring)
MPRegen 0.08/turn    (no ring)
                     (no ring)

%: no passive effects
@: no status effects
A: almost no armour, amphibious, 8 rings, camouflage 1, gelatinous body 1,
(nimble swimmer 1), tentacles
a: no special abilities


You were on level 1 of the Dungeon.
You visited 1 branch of the dungeon, and saw 1 of its levels.

Inventory:

Potions
 a - a potion of magic


   Skills:
 + Level 2.0 Dodging
 + Level 2.7 Stealth
 + Level 2.0 Spellcasting
 + Level 4.0 Ice Magic


You had 3 spell levels left.
You knew the following spells:

 Your Spells              Type           Power      Damage    Failure   Level
a - Freeze                Ice            60%        1d7       3%          1

Your spell library contained the following spells:

 Spells                   Type           Power      Damage    Failure   Level
 Frozen Ramparts          Ice            30%        1d5       11%         3
 Ozocubu's Armour         Ice            15%        N/A       11%         3
 Summon Ice Beast         Ice/Summ       8%         N/A       63%         4


Dungeon Overview and Level Annotations

Branches:
Dungeon (1/15)

Altars:


Innate Abilities, Weirdness & Mutations

You cannot wear most types of armour.
You are amphibious.
You can wear up to eight rings at the same time.
Your skin changes colour to match your surroundings (Stealth+).
Your rubbery body absorbs attacks. (AC +1, EV +1)
((You are camouflaged when in or above water. (Stealth+)))
You have tentacles for arms and can constrict up to eight enemies at once.


Message History

Aim: a jackal You freeze the jackal.
The jackal is heavily wounded.
The giant cockroach closely misses you. The jackal bites you.
You miss the jackal. You grab the jackal.
The jackal is heavily wounded.
You constrict the jackal, but do no damage.
The quokka twitches its whiskers.
The jackal barely misses you. The giant cockroach bites you.
The giant cockroach closely misses you. The jackal bites you.
Casting: Freeze (safe; 3% risk of failure)
Confirm with . or Enter, or press ? or * to list all spells.
Aiming: Freeze (safe; 3% risk of failure)
Press: ? - help, Shift-Dir - straight line, f/p - jackal
Aim: a jackal (heavily wounded, constricted by you)
You freeze the jackal.
The jackal is almost dead.
You constrict the jackal, but do no damage.
The jackal bites you. The giant cockroach closely misses you.
The hobgoblin hits you.
* * * LOW HITPOINT WARNING * * *
Casting: Freeze (safe; 3% risk of failure)
Confirm with . or Enter, or press ? or * to list all spells.
Aiming: Freeze (safe; 3% risk of failure)
Press: ? - help, Shift-Dir - straight line, f/p - jackal
Aim: a jackal (almost dead, constricted by you)
You freeze the jackal.
You kill the jackal!
The giant cockroach closely misses you.
A bat comes into view.
The hobgoblin closely misses you.
Casting: Freeze (safe; 3% risk of failure)
Confirm with . or Enter, or press ? or * to list all spells.
You don't have enough magic to cast this spell.
You tentacle-slap the hobgoblin but do no damage.
Your grab misses the hobgoblin. Your squeeze misses the hobgoblin.
The jackal bites you.
* * * LOW HITPOINT WARNING * * *
The giant cockroach bites you.
You die...

###.###..# ..
..+........#######...
#...#.......... ...#...
..............##.......
≈≈≈≈≈.≈§≈§≈.§..+.K...#
≈...≈.≈..§§.≈..#hr...#
≈.≈≈≈.≈≈≈§≈§≈..#hhr..#
.>≈.....§>.§...@B#
≈.≈≈≈.≈≈≈.≈≈≈..g.#
≈...≈.≈<.§§.≈....#
≈≈≈§§.≈≈≈≈§.≈.......
...§§§§§.§§§≈.......#
≈.≈≈≈§§≈≈.≈≈≈.##.b..+
≈.≈.....≈§≈§§§# ....#
≈.≈≈≈.≈≈§.≈§§§# .....
.>§.≈.≈..>..≈.#


You could see a quokka, 3 jackals, a giant cockroach, a hobgoblin, a bat, a
kobold and a rat.

Vanquished Creatures
  A jackal (D:1)
1 creature vanquished.

Notes
Turn   | Place    | Note
-------+----------+-------------------------------------------
     0 | D:1      | croobank the Octopode Ice Elementalist began the quest for
                  | the Orb.
     0 | D:1      | Reached XP level 1. HP: 11/11 MP: 3/3
    13 | D:1      | Slain by a giant cockroach

Illustrated notes

Levels and vault maps discovered:
D:1:      evilmike_arrival_hilbert_curve, layout_basic

Action                     || total
---------------------------++-------
  Melee: Unarmed           ||     3
         Constrict         ||     1
   Cast: Freeze            ||     3
 Armour: Skin              ||     7
  Dodge: Dodged            ||    10

Table legend: (Time is in decaauts)
 A = Elapsed time spent in this place.
 B = Non-inter-level travel time spent in this place.
 C = Inter-level travel time spent in this place.
 D = Time resting spent in this place.
 E = Time spent auto-exploring this place.
 F = Levels seen in this place.
 G = Mean time per level.
                   A        B        C        D        E       F      G
               +--------+--------+--------+--------+--------+-----+--------+
         Total |     13 |     13 |      0 |      0 |      3 |   1 |   13.0 |
       Dungeon |     13 |     13 |      0 |      0 |      3 |   1 |   13.0 |
               +--------+--------+--------+--------+--------+-----+--------+

Top non-repeatable levels by time:
     D:1: 13 daAuts
